 Dungeon Crawl Stone Soup version 0.31-a0-229-g1fc7ce93e2 (webtiles) character file.

Game seed: 3642605505236859994

41 qw the Shooter (level 3, -6/29 HPs)
             Began as a Minotaur Hexslinger on July 6, 2023.
             Killed by nerve-wracking pain
             ... invoked by an orc priest
              (14 damage)
             ... on level 3 of the Dungeon.
             The game lasted 00:00:27 (1560 turns).

qw the Shooter (Minotaur Hexslinger)                Turns: 1560, Time: 00:00:27

Health: -6/29      AC:  5    Str: 12    XL:     3   Next: 32%
Magic:  3/3        EV: 16    Int: 10    God:
Gold:   6          SH:  0    Dex: 14    Spells: 3/4 levels left

rFire   . . .        Y - +4 sling (flame)
rCold   . . .        (no shield)
rNeg    . . .        d - +0 ring mail
rPois   .            (helmet restricted)
rElec   .            (no cloak)
rCorr   .            (no gloves)
SInv    .            (no boots)
Will    .....        (no amulet)
Stlth   +            i - +5 ring of evasion
HPRegen 0.24/turn    (no ring)
MPRegen 0.08/turn

%: no passive effects
@: no status effects
A: horns 2, retaliatory headbutt
a: no special abilities


You were on level 3 of the Dungeon.
You visited 1 branch of the dungeon, and saw 3 of its levels.

You collected 86 gold pieces.
You spent 80 gold pieces at shops.


Innate Abilities, Weirdness & Mutations

You have a pair of horns on your head.
You reflexively headbutt those who attack you in melee.


   Skills:
 - Level 2.0 Fighting
 + Level 3.9 Ranged Weapons
 - Level 2.1 Dodging
 - Level 1.0 Spellcasting
 - Level 2.0 Hexes


You had 3 spell levels left.
You knew the following spells:

 Your Spells              Type           Power      Damage    Failure   Level
a - Slow                  Hex            16%        N/A       34%         1

Your spell library contained the following spells:

 Spells                   Type           Power      Damage    Failure   Level
 Inner Flame              Hex/Fire       2%         N/A       83%         3
 Portal Projectile        Hex/Tloc       4%         N/A       83%         3
 Cause Fear               Hex            2%         N/A       98%         4

Inventory:

Hand Weapons
 Y - a +4 sling of flaming (weapon)
Armour
 d - a +0 ring mail (worn)
Jewellery
 i - a +5 ring of evasion (left hand)
Scrolls
 b - a scroll of identify
Potions
 a - a potion of heal wounds
 e - a potion of cancellation {unknown}
 g - a potion of might {unknown}
 j - 3 potions of curing

Dungeon Overview and Level Annotations

Branches:
Dungeon (3/15)

Altars:

Shops:
D:3 ((!


Message History

You shoot a sling bullet. The sling bullet barely misses the orc.
The sling bullet hits the orc.
The sling bullet burns the orc.
You kill the orc!
A kobold comes into view. It is wielding a +0 short sword.
You shoot a sling bullet.
The sling bullet closely misses the orc.
The sling bullet hits the orc priest.
The sling bullet burns the orc priest.
The orc priest is heavily wounded.
You shoot a sling bullet. The sling bullet hits the orc!
The sling bullet burns the orc.
You kill the orc!
The orc priest looks encouraged for a moment.
You shoot a sling bullet. The sling bullet hits the orc priest.
The sling bullet burns the orc priest.
The orc priest is severely wounded.
The orc priest invokes the aid of Beogh against you.
You barely resist. You shoot a sling bullet.
The sling bullet completely misses the orc priest.
The orc priest hits you with a +0 short sword.
You shoot a sling bullet. The sling bullet hits the orc priest.
The sling bullet burns the orc priest.
The orc priest is heavily wounded.
The orc priest mumbles some strange prayers to Beogh against you.
Beogh smites you! The orc priest closely misses you.
The orc priest hits you with a +0 short sword.
The orc priest hits you but does no damage.
The orc priest closely misses you.
You shoot a sling bullet.
The sling bullet closely misses the orc priest.
The orc priest hits you with a +0 short sword.
The orc priest hits you but does no damage.
The orc priest calls upon Beogh to heal the orc priest.
The orc priest is healed somewhat.
You shoot a sling bullet.
The sling bullet hits the orc priest but does no damage.
The orc priest is severely wounded.
The orc priest invokes the aid of Beogh against you.
Pain shoots through your body!
You die...

#.###.#####.##
#(......#..##
#.........#
#....\###....#
###...# ###...
#.### #.# ##.#
. ###..#
#.o@## #..oo#
.......K#
........#
...)....#
........#
.........
........#


You could see 3 orc priests and a kobold.

Vanquished Creatures
  3 orcs (D:3)
  4 ball pythons
  2 endoplasms (D:1)
  A giant cockroach (D:1)
  4 goblins
  4 hobgoblins
  2 kobolds
  3 quokkas
  4 bats
  3 frilled lizards
  4 rats
34 creatures vanquished.

Notes
Turn   | Place    | Note
-------+----------+-------------------------------------------
     0 | D:1      | qw the Minotaur Hexslinger began the quest for the Orb.
     0 | D:1      | Reached XP level 1. HP: 16/16 MP: 1/1
     0 | D:1      | 0 ||| qw: Version: 0.3-a-46-gb1f654a
     0 | D:1      | 0 ||| qw: Game counter: 1157
     0 | D:1      | 0 ||| qw: Melee chars always use a shield: true
     0 | D:1      | 0 ||| qw: God list: Okawaru
     0 | D:1      | 0 ||| qw: Allow faded altars: false
     0 | D:1      | 0 ||| qw: Do Orc after clearing Dungeon:15 true
     0 | D:1      | 0 ||| qw: Do second Lair branch before Depths: true
     0 | D:1      | 0 ||| qw: Lair rune preference: random
     0 | D:1      | 0 ||| qw: Goals: Normal
     0 | D:1      | 0 ||| PLANNING D:1-11
   128 | D:1      | Reached skill level 3 in Ranged Weapons
   139 | D:1      | Reached XP level 2. HP: 23/23 MP: 2/2
   690 | D:1      | 690 ||| UPGRADING to +0 leather armour.
   700 | D:1      | 700 ||| DROPPING +0 robe.
   701 | D:1      | 701 ||| UPGRADING to +5 ring of evasion.
   702 | D:1      | 702 ||| READING scroll labelled MYNAVVOMUI.
   703 | D:1      | 703 ||| READING scroll labelled UTIANA CONA.
   704 | D:1      | 704 ||| READING scroll labelled JYPOSA CUSHRUMI.
   705 | D:1      | 705 ||| READING 3 scrolls labelled GYMEZU OSHEST.
   706 | D:1      | 706 ||| READING 2 scrolls of enchant weapon.
   706 | D:1      | 706 ||| ENCHANTING +2 sling.
   707 | D:1      | 707 ||| READING scroll of enchant weapon.
   707 | D:1      | 707 ||| ENCHANTING +3 sling.
   708 | D:1      | 708 ||| DROPPING scroll of poison.
  1149 | D:2      | Reached XP level 3. HP: 29/29 MP: 3/3
  1477 | D:2      | 1477 ||| UPGRADING to +0 ring mail.
  1487 | D:2      | 1487 ||| DROPPING +0 leather armour.
  1488 | D:2      | 1488 ||| READING scroll labelled BAITHR YSUTU.
  1489 | D:2      | 1489 ||| READING scroll labelled VUL BEOPPIBUOGG.
  1490 | D:2      | 1490 ||| DRINKING 3 green potions.
  1501 | D:3      | Found Utiuf's Distillery.
  1502 | D:3      | 1502 ||| PLANNING SEWER
  1504 | D:3      | Found Coti's Antique Weapon Shop.
  1505 | D:3      | 1505 ||| SHOPLISTING 2 potions of mutation (160 gold, have
                  | 86).
  1505 | D:3      | 1505 ||| BUYING potion of curing (30 gold).
  1505 | D:3      | Bought a potion of curing for 30 gold pieces
  1505 | D:3      | 1505 ||| BUYING potion of heal wounds (50 gold).
  1505 | D:3      | Bought a potion of heal wounds for 50 gold pieces
  1505 | D:3      | 1505 ||| SHOPLISTING potion of might (40 gold, have 6).
  1505 | D:3      | 1505 ||| SHOPLISTING potion of mutation (80 gold, have 6).
  1508 | D:3      | 1508 ||| SHOPLISTING glowing shortbow (120 gold, have 6).
  1508 | D:3      | 1508 ||| SHOPLISTING glowing triple crossbow (260 gold,
                  | have 6).
  1533 | D:3      | Found Wudoerph's Antique Weapon Shop.
  1560 | D:3      | Killed from afar by an orc priest

Levels and vault maps discovered:
D:1:      lightli_iron_boxes, layout_basic
D:2:      layout_basic
D:3:      layout_rooms, serial_shops, shop, shop, nicolae_lakefront_shop, shop,
          shop, lightli_sewer_entry_pipes, gammafunk_ghost_nasty_kobolds,
          grunt_ministairs_12, saegor_snake_ambush

Skill      XL: |  1  2 |
---------------+-------+-----
Ranged Weapons | 3 |  3.9
Fighting       | 2 |  2.0
Dodging        | |  2.1
Spellcasting   | |  1.0
Hexes          | |  2.0

Action                     || total
---------------------------++-------
   Fire: Sling             ||    81
    Use: Scroll            ||     8
         Potion            ||     1
 Armour: Ring mail         ||     2
  Dodge: Dodged            ||    13

Table legend:
 A = Non-vault XP
 B = Vault XP
 C = Vault XP percentage of total XP
 D = Non-vault monster count
 E = Vault monster count
 F = Vault count percentage of total count
                 A         B        C        D         E       F
            +---------+---------+-------+---------+---------+-------
      Total |      59 |       0 |   0.0 |      34 |       0 |   0.0
            +---------+---------+-------+---------+---------+-------
        D:1 |      27 |       0 |   0.0 |      16 |       0 |   0.0
        D:2 |      17 |       0 |   0.0 |      12 |       0 |   0.0
        D:3 |      15 |       0 |   0.0 |       6 |       0 |   0.0
            +---------+---------+-------+---------+---------+-------
